[Event "46th OKU-A 2019"]
[Site "Utrecht"]
[Date "2019.05.31"]
[Round "1.2"]
[White "Ercan, Selman"]
[Black "Ten Hertog, Hugo"]
[Result "0-1"]
[ECO "A40"]
[WhiteElo "2060"]
[BlackElo "2480"]
[Annotator "RC"]
[PlyCount "74"]
[EventDate "2019.05.31"]
[EventType "swiss"]
[EventCountry "NED"]
[SourceTitle "playchess.com"]
[Source "ChessBase"]
[SourceQuality "1"]
[TimeControl "6600+10"]

1. d4 g6 2. c4 Bg7 3. e4 e6 4. Nc3 Ne7 5. Bg5 h6 6. Bh4 O-O 7. Nf3 d5 8. cxd5 exd5 9. e5 Nbc6 10. h3 g5 11. Bg3 Nf5 12. Bh2 f6 13. Be2 fxe5 14. dxe5 Be6 15. O-O Qd7 16. Na4 b6 17. Rc1 a6 18. Re1 Nfe7 19. Bd3 Rf7 20. Nc3 Raf8 21. Qe2 Rxf3 22. gxf3 Nd4 23. Qd1 Nxf3+ 24. Kh1 Nc6 25. Bg3 Nxe1 26. Qxe1 Nd4 27. Bxa6 Nf3 28. Qe2 Qf7 29. Nb5 Qh5 30. h4 Qg4 31. Qf1 gxh4 32. Bh2 Nxh2 33. Kxh2 Bxe5+ 34. Kh1 h3 35. Qg1 Rxf2 36. Qxg4+ Bxg4 37. Rg1 Rh2# 0-1

[Event "46th OKU-A 2019"]
[Site "Utrecht"]
[Date "2019.05.31"]
[Round "1.4"]
[White "Kanis, Sierk"]
[Black "Arnaudov, G. Petar"]
[Result "0-1"]
[ECO "A50"]
[WhiteElo "2017"]
[BlackElo "2482"]
[Annotator "ChessBase"]
[PlyCount "62"]
[EventDate "2019.05.31"]
[EventType "swiss"]
[EventCountry "NED"]
[SourceTitle "playchess.com"]
[Source "ChessBase"]
[SourceQuality "1"]
[TimeControl "6600+10"]

1. d4 Nf6 2. c4 Nc6 3. Nc3 e5 4. d5 Ne7 5. e4 Ng6 6. Be3 Bb4 7. Bd3 Bxc3+ 8. bxc3 d6 9. h3 O-O 10. Ne2 h6 11. c5 Nd7 12. cxd6 cxd6 13. g4 Nc5 14. Bxc5 dxc5 15. Ng3 Qa5 16. Qd2 Nf4 17. Ne2 Ng2+ 18. Kf1 Nh4 19. Qb2 g6 20. Rg1 Qd8 21. Rg3 Kh7 22. Kg1 f5 23. gxf5 gxf5 24. c4 f4 25. Nxf4 Rxf4 26. Qxe5 Nf3+ 27. Rxf3 Rxf3 28. Qc3 Qg5+ 29. Kf1 Qe3 30. e5+ Qxd3+ 31. Qxd3+ Rxd3 0-1

[Event "46th OKU-A 2019"]
[Site "Utrecht"]
[Date "2019.05.31"]
[Round "1.5"]
[White "Warmerdam, Max"]
[Black "Rosmuller, Anton"]
[Result "1-0"]
[ECO "B33"]
[WhiteElo "2476"]
[BlackElo "2062"]
[Annotator "ChessBase"]
[PlyCount "51"]
[EventDate "2019.05.31"]
[EventType "swiss"]
[EventCountry "NED"]
[SourceTitle "playchess.com"]
[Source "ChessBase"]
[SourceQuality "1"]
[TimeControl "6600+10"]

1. e4 c5 2. Nf3 Nc6 3. d4 cxd4 4. Nxd4 Nf6 5. Nc3 e5 6. Ndb5 d6 7. Bg5 a6 8. Na3 b5 9. Bxf6 gxf6 10. Nd5 f5 11. Bd3 Bg7 12. exf5 e4 13. f6 Bxf6 14. Nxf6+ Qxf6 15. Bxe4 Bb7 16. Qf3 Qxf3 17. Bxf3 O-O-O 18. O-O-O Ne5 19. Bxb7+ Kxb7 20. c3 Rhe8 21. Nc2 Re7 22. Rd4 Nc6 23. Rf4 Rg8 24. Ne3 Ne5 25. Rd1 Kc6 26. Rh4 1-0

[Event "46th OKU-A 2019"]
[Site "Utrecht"]
[Date "2019.05.31"]
[Round "1.6"]
[White "Buikstra, Arjon"]
[Black "Meng, Roger"]
[Result "0-1"]
[ECO "B08"]
[WhiteElo "2075"]
[BlackElo "2443"]
[Annotator "ChessBase"]
[PlyCount "72"]
[EventDate "2019.05.31"]
[EventType "swiss"]
[EventCountry "NED"]
[SourceTitle "playchess.com"]
[Source "ChessBase"]
[SourceQuality "1"]
[TimeControl "6600+10"]

1. e4 g6 2. Nf3 Bg7 3. d4 d6 4. Be3 Nf6 5. Nc3 O-O 6. Bd3 Nc6 7. h3 e5 8. d5 Ne7 9. Bc4 c6 10. a4 cxd5 11. exd5 Nf5 12. Bc1 e4 13. Nh2 e3 14. fxe3 Ng3 15. Rg1 Re8 16. Ne2 Nfe4 17. Nf3 Nf5 18. Bd3 Qa5+ 19. c3 Qxd5 20. Nf4 Qc5 21. Bxe4 Rxe4 22. Qd5 Qxd5 23. Nxd5 Bd7 24. Kf2 Rxa4 25. Rxa4 Bxa4 26. g4 Bb3 27. Nc7 Rc8 28. Nb5 a6 29. gxf5 axb5 30. Nd4 Bc4 31. e4 b4 32. Ke3 bxc3 33. bxc3 Re8 34. Kf3 Bd3 35. Re1 d5 36. e5 Be4+ 0-1

[Event "46th OKU-A 2019"]
[Site "Utrecht"]
[Date "2019.05.31"]
[Round "1.8"]
[White "Van der Leij, Arjan"]
[Black "Lalic, Bogdan"]
[Result "0-1"]
[ECO "B20"]
[WhiteElo "2039"]
[BlackElo "2400"]
[Annotator "ChessBase"]
[PlyCount "46"]
[EventDate "2019.05.31"]
[EventType "swiss"]
[EventCountry "NED"]
[SourceTitle "playchess.com"]
[Source "ChessBase"]
[SourceQuality "1"]
[TimeControl "6600+10"]

1. e4 c5 2. b4 e5 3. Nf3 Nc6 4. b5 Nd4 5. Bc4 Nxf3+ 6. Qxf3 Nf6 7. O-O Be7 8. d3 O-O 9. Nc3 d6 10. Bg5 Be6 11. Bxe6 fxe6 12. Qh3 Qc8 13. Ne2 c4 14. d4 Rf7 15. dxe5 dxe5 16. Bxf6 Rxf6 17. f4 Qc5+ 18. Kh1 exf4 19. Rxf4 Rh6 20. Qf3 Bd6 21. Qf2 Rxh2+ 22. Kg1 Rh5 23. Ng3 Bxf4 0-1

[Event "46th OKU-A 2019"]
[Site "Utrecht"]
[Date "2019.05.31"]
[Round "1.11"]
[White "Haast, Mark"]
[Black "De Groot, Pieter"]
[Result "1-0"]
[ECO "A14"]
[WhiteElo "2391"]
[BlackElo "1977"]
[Annotator "ChessBase"]
[PlyCount "51"]
[EventDate "2019.05.31"]
[EventType "swiss"]
[EventCountry "NED"]
[SourceTitle "playchess.com"]
[Source "ChessBase"]
[SourceQuality "1"]
[TimeControl "6600+10"]

1. c4 Nf6 2. g3 e6 3. Bg2 d5 4. Nf3 Be7 5. O-O O-O 6. b3 c5 7. Bb2 Nc6 8. e3 Qb6 9. d3 Rd8 10. Qe2 Bd7 11. Nc3 Be8 12. Rac1 Rac8 13. Na4 Qa6 14. Bxf6 gxf6 15. cxd5 Rxd5 16. Ne1 Rdd8 17. Rxc5 Bxc5 18. Nxc5 Qb6 19. Qg4+ Kf8 20. d4 Ke7 21. Qh4 e5 22. Ne4 exd4 23. Nxf6 Kf8 24. Bh3 dxe3 25. Qh6+ Ke7 26. Ng8# 1-0

[Event "46th OKU-A 2019"]
[Site "Utrecht"]
[Date "2019.06.01"]
[Round "2.1"]
[White "Ten Hertog, Hugo"]
[Black "Kokje, Joris"]
[Result "1-0"]
[ECO "A00"]
[WhiteElo "2480"]
[BlackElo "2257"]
[Annotator "ChessBase"]
[PlyCount "45"]
[EventDate "2019.05.31"]
[EventType "swiss"]
[EventCountry "NED"]
[SourceTitle "playchess.com"]
[Source "ChessBase"]
[SourceQuality "1"]
[TimeControl "6600+10"]

1. g3 d5 2. Bg2 e5 3. d3 c5 4. e4 d4 5. f4 Nc6 6. Nf3 Bd6 7. Na3 Nge7 8. O-O f6 9. Nc4 O-O 10. a4 a6 11. f5 Rb8 12. a5 Bc7 13. Bd2 Nb4 14. g4 Nec6 15. g5 Nxa5 16. gxf6 gxf6 17. Rxa5 Bxa5 18. Bh6 Rf7 19. Nfxe5 fxe5 20. Rf3 Bxf5 21. Rxf5 Rxf5 22. Qg4+ Kh8 23. Qg7# 1-0

[Event "46th OKU-A 2019"]
[Site "Utrecht"]
[Date "2019.06.01"]
[Round "2.2"]
[White "Halfhide, Sebastian"]
[Black "Beerdsen, Thomas"]
[Result "1/2-1/2"]
[ECO "B40"]
[WhiteElo "2252"]
[BlackElo "2488"]
[Annotator "ChessBase"]
[PlyCount "104"]
[EventDate "2019.05.31"]
[EventType "swiss"]
[EventCountry "NED"]
[SourceTitle "playchess.com"]
[Source "ChessBase"]
[SourceQuality "1"]
[TimeControl "6600+10"]

1. e4 c5 2. Nf3 e6 3. g3 d5 4. exd5 exd5 5. Bg2 Qe7+ 6. Qe2 Nc6 7. Qxe7+ Ngxe7 8. O-O g6 9. d3 Bg7 10. Nc3 Be6 11. Bf4 h6 12. Nb5 Kd7 13. Nc7 g5 14. Nxe6 fxe6 15. Be3 b6 16. c3 Nf5 17. Ne1 Nxe3 18. fxe3 Rhf8 19. Nc2 b5 20. d4 b4 21. cxb4 cxd4 22. b5 Ne7 23. Nxd4 Bxd4 24. exd4 Nf5 25. Rad1 Ne3 26. Rxf8 Rxf8 27. Rd3 Nc4 28. b3 Na3 29. Bf3 Nxb5 30. Bg4 Rc8 31. Rd2 Rc1+ 32. Kg2 Kd6 33. h4 Nc3 34. Bf3 Ra1 35. hxg5 hxg5 36. Kh3 Rxa2 37. Rxa2 Nxa2 38. Kg4 Nb4 39. Kxg5 Nc6 40. Kf6 Nxd4 41. Bd1 Nf5 42. g4 Ne7 43. g5 d4 44. g6 Nxg6 45. Kxg6 Ke5 46. Kf7 d3 47. Ke7 d2 48. Kd7 a5 49. Ke7 Kd5 50. Bf3+ Ke5 51. Bd1 Kd5 52. Bf3+ Ke5 1/2-1/2

[Event "46th OKU-A 2019"]
[Site "Utrecht"]
[Date "2019.06.01"]
[Round "2.3"]
[White "Arnaudov, G. Petar"]
[Black "Elgersma, Onno"]
[Result "1-0"]
[ECO "B12"]
[WhiteElo "2482"]
[BlackElo "2166"]
[Annotator "ChessBase"]
[PlyCount "99"]
[EventDate "2019.05.31"]
[EventType "swiss"]
[EventCountry "NED"]
[SourceTitle "playchess.com"]
[Source "ChessBase"]
[SourceQuality "1"]
[TimeControl "6600+10"]

1. e4 c6 2. d4 d5 3. e5 Bf5 4. h4 h5 5. Bg5 Qb6 6. Bd3 Bxd3 7. Qxd3 e6 8. Nd2 Qa6 9. c4 Nd7 10. Ngf3 Nh6 11. O-O Nf5 12. Qc3 dxc4 13. Nxc4 Nb6 14. Ne3 Ne7 15. Nd2 Ned5 16. Qb3 Qa4 17. Qd3 Rc8 18. Ne4 Qb5 19. Qc2 Nb4 20. Qd1 a5 21. a3 N4d5 22. Nc3 Qa6 23. Ncxd5 cxd5 24. Rc1 Rc6 25. Rxc6 bxc6 26. Qc2 Nd7 27. Rc1 Be7 28. Qxc6 Qxc6 29. Rxc6 Bxg5 30. hxg5 Ke7 31. b3 Rb8 32. Rc3 f6 33. gxf6+ gxf6 34. f4 fxe5 35. fxe5 Rb7 36. Nf1 Kf7 37. Nd2 Kg6 38. Kf2 Kf5 39. Rf3+ Kg6 40. Rg3+ Kh6 41. Rc3 Nf8 42. Rf3 Kg7 43. Ke2 Rc7 44. Kd3 Rc1 45. Rf1 Rc7 46. Nf3 Nh7 47. b4 axb4 48. axb4 Rb7 49. Kc3 Kg6 50. Kb3 1-0

[Event "46th OKU-A 2019"]
[Site "Utrecht"]
[Date "2019.06.01"]
[Round "2.4"]
[White "Lecomte, Robin"]
[Black "Warmerdam, Max"]
[Result "0-1"]
[ECO "A06"]
[WhiteElo "2224"]
[BlackElo "2476"]
[Annotator "ChessBase"]
[PlyCount "48"]
[EventDate "2019.05.31"]
[EventType "swiss"]
[EventCountry "NED"]
[SourceTitle "playchess.com"]
[Source "ChessBase"]
[SourceQuality "1"]
[TimeControl "6600+10"]

1. Nf3 d5 2. b3 Bg4 3. Bb2 Bxf3 4. exf3 e6 5. c4 dxc4 6. bxc4 c5 7. Qb3 Qd7 8. g3 Nc6 9. Bg2 Nge7 10. O-O Nf5 11. f4 Be7 12. Na3 O-O 13. Rad1 Rfd8 14. Nc2 Rac8 15. Rfe1 b6 16. Bc3 Bf6 17. Bxf6 gxf6 18. d3 Ncd4 19. Qb2 Nxc2 20. Qxc2 Nd4 21. Qc3 f5 22. Rd2 Qa4 23. h4 Rd6 24. Red1 Qxd1+ 0-1

[Event "46th OKU-A 2019"]
[Site "Utrecht"]
[Date "2019.06.01"]
[Round "2.5"]
[White "Meng, Roger"]
[Black "Vroombout, Enrico"]
[Result "1-0"]
[ECO "E61"]
[WhiteElo "2443"]
[BlackElo "2137"]
[Annotator "ChessBase"]
[PlyCount "89"]
[EventDate "2019.05.31"]
[EventType "swiss"]
[EventCountry "NED"]
[SourceTitle "playchess.com"]
[Source "ChessBase"]
[SourceQuality "1"]
[TimeControl "6600+10"]

1. d4 Nf6 2. Nf3 g6 3. c4 Bg7 4. Nc3 O-O 5. Bf4 d6 6. e3 Bg4 7. Be2 Nbd7 8. O-O c6 9. h3 Bxf3 10. Bxf3 e5 11. Bh2 Re8 12. b4 a6 13. a4 exd4 14. exd4 Nf8 15. b5 d5 16. bxc6 bxc6 17. cxd5 cxd5 18. Be5 Rc8 19. Qb3 Ne4 20. Bxe4 dxe4 21. Rad1 Bxe5 22. dxe5 Qh4 23. Rd5 Ne6 24. Re1 Ng5 25. Re3 Rb8 26. Qa2 Rb4 27. Rg3 Reb8 28. Rg4 Qh6 29. Qd2 Nxh3+ 30. gxh3 Qxh3 31. Rg3 Rb1+ 32. Nd1 Qe6 33. Kg2 h5 34. Rd8+ Rxd8 35. Qxd8+ Kg7 36. Nc3 Rb4 37. Qf6+ Qxf6 38. exf6+ Kh6 39. Re3 Rc4 40. Nxe4 Rxa4 41. Nd6 Rf4 42. Nxf7+ Kh7 43. Ng5+ Kh6 44. Rf3 Rxf3 45. Kxf3 1-0

[Event "46th OKU-A 2019"]
[Site "Utrecht"]
[Date "2019.06.01"]
[Round "2.6"]
[White "Van Dael, Siem"]
[Black "Miezis, Normunds"]
[Result "1/2-1/2"]
[ECO "B41"]
[WhiteElo "2218"]
[BlackElo "2456"]
[Annotator "ChessBase"]
[PlyCount "244"]
[EventDate "2019.05.31"]
[EventType "swiss"]
[EventCountry "NED"]
[SourceTitle "playchess.com"]
[Source "ChessBase"]
[SourceQuality "1"]
[TimeControl "6600+10"]

1. e4 c5 2. Nf3 e6 3. d4 cxd4 4. Nxd4 a6 5. c4 Nf6 6. Nc3 Bb4 7. Nc2 Bxc3+ 8. bxc3 Qa5 9. Qd4 Nc6 10. Qe3 O-O 11. Ba3 Rd8 12. c5 b6 13. f3 bxc5 14. Bxc5 Qa4 15. Bd3 d6 16. Bb6 Rd7 17. Nd4 Nb4 18. cxb4 Qxb4+ 19. Kf2 Qxb6 20. Rhb1 Qa7 21. Nc6 Qxe3+ 22. Kxe3 g5 23. Rb8 Rxb8 24. Nxb8 Rb7 25. Nxa6 Rb2 26. a4 Nd7 27. Rc1 Bb7 28. Rc7 Ne5 29. Bb5 Bxa6 30. Bxa6 Rxg2 31. Be2 Rg1 32. a5 Ra1 33. a6 Kg7 34. Rc8 Kf6 35. Rd8 Ra3+ 36. Kf2 Ke7 37. Rh8 d5 38. exd5 exd5 39. h4 d4 40. hxg5 d3 41. Bd1 Rxa6 42. Rxh7 Ra1 43. f4 Rxd1 44. fxe5 Rg1 45. Ke3 Rxg5 46. Kxd3 Rxe5 47. Kd4 Re1 48. Rh6 Kf8 49. Rh2 Kg7 50. Rg2+ Kf6 51. Kd5 Re5+ 52. Kd4 Ke6 53. Rg4 Kf5 54. Rg1 Re4+ 55. Kd3 Re7 56. Rf1+ Kg4 57. Rg1+ Kf3 58. Rf1+ Kg2 59. Rf6 Kg3 60. Rf1 Kg4 61. Rg1+ Kf5 62. Rf1+ Kg6 63. Rg1+ Kf6 64. Rf1+ Kg7 65. Rg1+ Kf8 66. Rf1 Re6 67. Kd4 f6 68. Rf4 Kf7 69. Re4 Ra6 70. Ke3 Kg6 71. Kf4 Ra5 72. Rb4 Rh5 73. Kg3 Rg5+ 74. Kf4 Rh5 75. Kg3 Ra5 76. Kf4 Rf5+ 77. Kg3 Kg5 78. Rg4+ Kh5 79. Rh4+ Kg6 80. Rb4 Rf1 81. Kg2 Re1 82. Kf2 Re5 83. Kf3 Kf5 84. Rf4+ Kg6 85. Rb4 Re1 86. Kf2 Ra1 87. Rb5 Ra3 88. Rc5 Rh3 89. Kg2 Ra3 90. Kf2 f5 91. Rc6+ Kh5 92. Rc4 Kg5 93. Rb4 Rh3 94. Kg2 Rd3 95. Kf2 Kf6 96. Ke2 Rc3 97. Kf2 Ke5 98. Rb5+ Kf4 99. Rb4+ Kg5 100. Ra4 Rd3 101. Ke2 Rg3 102. Kf2 Rg4 103. Rxg4+ Kxg4 104. Kg2 Kf4 105. Kf2 Ke4 106. Ke2 f4 107. Kf2 f3 108. Kf1 Kf4 109. Kf2 Kg4 110. Kf1 Kg3 111. Kg1 Kh3 112. Kf2 Kg4 113. Kf1 Kf4 114. Kf2 Ke4 115. Kf1 Ke3 116. Ke1 Ke4 117. Kf2 Kf4 118. Kf1 Kg4 119. Kf2 Kf4 120. Kf1 Kg3 121. Kg1 f2+ 122. Kf1 Kf3 1/2-1/2

[Event "46th OKU-A 2019"]
[Site "Utrecht"]
[Date "2019.06.01"]
[Round "2.7"]
[White "Lalic, Bogdan"]
[Black "Veltkamp, Gerben"]
[Result "1-0"]
[ECO "A58"]
[WhiteElo "2400"]
[BlackElo "2104"]
[Annotator "ChessBase"]
[PlyCount "65"]
[EventDate "2019.05.31"]
[EventType "swiss"]
[EventCountry "NED"]
[SourceTitle "playchess.com"]
[Source "ChessBase"]
[SourceQuality "1"]
[TimeControl "6600+10"]

1. d4 Nf6 2. c4 c5 3. d5 b5 4. cxb5 a6 5. bxa6 g6 6. Nc3 Bg7 7. a7 Rxa7 8. e4 O-O 9. Nf3 Ba6 10. Bxa6 Nxa6 11. O-O Qa8 12. e5 Ng4 13. Re1 e6 14. h3 Nh6 15. Nb5 Rb7 16. Nd6 Rb6 17. dxe6 fxe6 18. Ne4 Kh8 19. Qxd7 Rd8 20. Qa4 Nf5 21. Bg5 Nb4 22. Qxa8 Rxa8 23. Re2 Nd3 24. Bf6 Rb4 25. Rd1 Nxb2 26. Rd7 Na4 27. g4 Nb6 28. Rb7 Nd5 29. Rxb4 cxb4 30. gxf5 gxf5 31. Nc5 Nf4 32. Rd2 Rg8 33. Kh2 1-0

[Event "46th OKU-A 2019"]
[Site "Utrecht"]
[Date "2019.06.01"]
[Round "2.8"]
[White "Sekandar, Kambiz"]
[Black "Van Overdam, Julian"]
[Result "0-1"]
[ECO "B08"]
[WhiteElo "2193"]
[BlackElo "2371"]
[Annotator "ChessBase"]
[PlyCount "48"]
[EventDate "2019.05.31"]
[EventType "swiss"]
[EventCountry "NED"]
[SourceTitle "playchess.com"]
[Source "ChessBase"]
[SourceQuality "1"]
[TimeControl "6600+10"]

1. e4 d6 2. d4 Nf6 3. Nc3 g6 4. Nf3 Bg7 5. Be2 O-O 6. O-O Nc6 7. h3 e5 8. dxe5 dxe5 9. Bg5 Be6 10. Nd5 Bxd5 11. Bxf6 Bxf6 12. exd5 Ne7 13. c4 Bg7 14. Qc2 c6 15. Rad1 cxd5 16. cxd5 Nf5 17. d6 Qb6 18. Rd5 Rac8 19. Qb1 e4 20. d7 Rcd8 21. Rb5 Qe6 22. Ng5 Qe7 23. Qxe4 Qxg5 24. g4 Nd6 0-1

[Event "46th OKU-A 2019"]
[Site "Utrecht"]
[Date "2019.06.01"]
[Round "2.9"]
[White "De Jong, Tom"]
[Black "Haast, Mark"]
[Result "1-0"]
[ECO "A42"]
[WhiteElo "2143"]
[BlackElo "2391"]
[Annotator "ChessBase"]
[PlyCount "77"]
[EventDate "2019.05.31"]
[EventType "swiss"]
[EventCountry "NED"]
[SourceTitle "playchess.com"]
[Source "ChessBase"]
[SourceQuality "1"]
[TimeControl "6600+10"]

1. e4 g6 2. d4 d6 3. c4 Bg7 4. Nc3 e5 5. Nge2 Nc6 6. d5 Nce7 7. Ng3 h5 8. h4 Bh6 9. Bd3 Bxc1 10. Qxc1 Nf6 11. Qd2 Neg8 12. O-O-O Qe7 13. Kb1 Bd7 14. f3 O-O-O 15. Rc1 Kb8 16. Nf1 Ne8 17. Ne3 Ng7 18. g3 f5 19. Nb5 fxe4 20. fxe4 Bxb5 21. cxb5 Qd7 22. Rc3 Ne8 23. Ra3 Ne7 24. Rf1 Nc8 25. Nc2 Qe7 26. Nb4 Nf6 27. Nc6+ bxc6 28. bxc6 Nd7 29. cxd7 Qxd7 30. Qb4+ Nb6 31. Bb5 c5 32. dxc6 Qe7 33. Raf3 Rhf8 34. a4 Rxf3 35. Rxf3 a5 36. Qxa5 Na8 37. Rf7 Qxf7 38. Qxd8+ Ka7 39. Qd7+ 1-0

[Event "46th OKU-A 2019"]
[Site "Utrecht"]
[Date "2019.06.01"]
[Round "2.10"]
[White "Ootes, Lars"]
[Black "Konnen, Timo"]
[Result "1-0"]
[ECO "A22"]
[WhiteElo "2360"]
[BlackElo "1872"]
[Annotator "ChessBase"]
[PlyCount "63"]
[EventDate "2019.05.31"]
[EventType "swiss"]
[EventCountry "NED"]
[SourceTitle "playchess.com"]
[Source "ChessBase"]
[SourceQuality "1"]
[TimeControl "6600+10"]

1. c4 e5 2. Nc3 Nf6 3. Nf3 e4 4. Ng5 b5 5. e3 bxc4 6. Qa4 c6 7. Ngxe4 Nxe4 8. Nxe4 d5 9. Ng3 Bd6 10. d3 cxd3 11. Bxd3 O-O 12. Bd2 Be5 13. Qc2 Qh4 14. O-O a5 15. f4 Bf6 16. Rf3 g6 17. Nf5 Bxf5 18. Bxf5 Bg7 19. Bd3 f5 20. Rc1 Rc8 21. Qc5 Bf8 22. Qb6 Nd7 23. Qb7 Nc5 24. Rxc5 Bxc5 25. Bxf5 gxf5 26. Rg3+ Qxg3 27. hxg3 d4 28. Qb3+ Kg7 29. Qe6 Re8 30. Qxf5 Bb4 31. Bxb4 axb4 32. Qd7+ 1-0

[Event "46th OKU-A 2019"]
[Site "Utrecht"]
[Date "2019.06.01"]
[Round "2.11"]
[White "Ghebreab, Elnathan"]
[Black "Okkes, Menno"]
[Result "0-1"]
[ECO "B23"]
[WhiteElo "1853"]
[BlackElo "2320"]
[Annotator "ChessBase"]
[PlyCount "64"]
[EventDate "2019.05.31"]
[EventType "swiss"]
[EventCountry "NED"]
[SourceTitle "playchess.com"]
[Source "ChessBase"]
[SourceQuality "1"]
[TimeControl "6600+10"]

1. e4 c5 2. Nc3 Nc6 3. f4 g6 4. Nf3 Bg7 5. Bc4 e6 6. O-O Nge7 7. Qe1 O-O 8. d3 Nd4 9. Bb3 d6 10. Be3 Nec6 11. Qf2 b6 12. Ba4 Nxf3+ 13. Qxf3 Nd4 14. Qf2 Bb7 15. Rab1 a6 16. Ne2 Nxe2+ 17. Qxe2 d5 18. b4 cxb4 19. Rxb4 b5 20. Bc5 Qc7 21. Bxf8 Bxf8 22. Rb2 bxa4 23. Rfb1 Bc6 24. f5 dxe4 25. fxe6 fxe6 26. Kh1 Qe5 27. dxe4 Bd6 28. g3 Bxe4+ 29. Kg1 Bc5+ 30. Kf1 Rf8+ 31. Ke1 Qc3+ 32. Qd2 Rf1+ 0-1

[Event "46th OKU-A 2019"]
[Site "Utrecht"]
[Date "2019.06.01"]
[Round "2.12"]
[White "Diepeveen, Vincent"]
[Black "De Zoeten, Cato"]
[Result "1/2-1/2"]
[ECO "B27"]
[WhiteElo "2312"]
[BlackElo "1634"]
[Annotator "ChessBase"]
[PlyCount "41"]
[EventDate "2019.05.31"]
[EventType "swiss"]
[EventCountry "NED"]
[SourceTitle "playchess.com"]
[Source "ChessBase"]
[SourceQuality "1"]
[TimeControl "6600+10"]

1. e4 c5 2. Nf3 g6 3. d4 cxd4 4. Qxd4 Nf6 5. e5 Nc6 6. Qa4 Nd5 7. h4 h5 8. Bd3 Bg7 9. O-O Ndb4 10. Re1 O-O 11. Be4 Qa5 12. Qxa5 Nxa5 13. Bg5 d5 14. exd6 exd6 15. c3 d5 16. cxb4 dxe4 17. Nc3 exf3 18. bxa5 fxg2 19. Re7 Be6 20. Rxb7 Rfb8 21. a6 1/2-1/2

[Event "46th OKU-A 2019"]
[Site "Utrecht"]
[Date "2019.06.01"]
[Round "3.1"]
[White "Lalic, Bogdan"]
[Black "Ten Hertog, Hugo"]
[Result "1/2-1/2"]
[ECO "A42"]
[WhiteElo "2400"]
[BlackElo "2480"]
[Annotator "ChessBase"]
[PlyCount "29"]
[EventDate "2019.05.31"]
[EventType "swiss"]
[EventCountry "NED"]
[SourceTitle "playchess.com"]
[Source "ChessBase"]
[SourceQuality "1"]
[TimeControl "6600+10"]

1. d4 g6 2. c4 Bg7 3. e4 d6 4. Nc3 e5 5. Nf3 Nc6 6. Bg5 f6 7. Be3 Nh6 8. dxe5 dxe5 9. Qxd8+ Kxd8 10. Rd1+ Bd7 11. Nd5 Nf7 12. c5 Kc8 13. b4 Re8 14. Bc4 Ncd8 15. Nd2 1/2-1/2

[Event "46th OKU-A 2019"]
[Site "Utrecht"]
[Date "2019.06.01"]
[Round "3.2"]
[White "Van Overdam, Julian"]
[Black "Arnaudov, G. Petar"]
[Result "1/2-1/2"]
[ECO "B10"]
[WhiteElo "2371"]
[BlackElo "2482"]
[Annotator "ChessBase"]
[PlyCount "30"]
[EventDate "2019.05.31"]
[EventType "swiss"]
[EventCountry "NED"]
[SourceTitle "playchess.com"]
[Source "ChessBase"]
[SourceQuality "1"]
[TimeControl "6600+10"]

1. e4 c6 2. Ne2 e5 3. d4 d6 4. Nbc3 Be7 5. Ng3 Nf6 6. Be2 O-O 7. O-O exd4 8. Qxd4 Re8 9. Bf4 Be6 10. Rad1 d5 11. exd5 cxd5 12. Bf3 Nc6 13. Qd2 Qb6 14. Nxd5 Nxd5 15. Bxd5 Rad8 1/2-1/2

[Event "46th OKU-A 2019"]
[Site "Utrecht"]
[Date "2019.06.01"]
[Round "3.3"]
[White "Warmerdam, Max"]
[Black "Ootes, Lars"]
[Result "1-0"]
[ECO "B07"]
[WhiteElo "2476"]
[BlackElo "2360"]
[Annotator "ChessBase"]
[PlyCount "71"]
[EventDate "2019.05.31"]
[EventType "swiss"]
[EventCountry "NED"]
[SourceTitle "playchess.com"]
[Source "ChessBase"]
[SourceQuality "1"]
[TimeControl "6600+10"]

1. e4 d6 2. d4 Nf6 3. Bd3 g6 4. Nf3 Bg7 5. c3 O-O 6. O-O e6 7. Re1 Nc6 8. h3 h6 9. Na3 Nd7 10. b4 e5 11. Nc2 Ne7 12. a4 Qe8 13. dxe5 dxe5 14. Ba3 a5 15. bxa5 Rxa5 16. Ne3 c5 17. Bb5 Nc6 18. Nc4 Ra7 19. Qd6 Bf6 20. Rad1 Be7 21. Qd2 Kg7 22. Nfxe5 Ndxe5 23. Nxe5 Be6 24. Nd7 Bxd7 25. Qxd7 Qa8 26. Rd5 Rd8 27. Qc7 Rc8 28. Qg3 b6 29. Bc1 Bf8 30. Red1 Re7 31. Rd7 Rce8 32. Rc7 Re6 33. Qf4 R8e7 34. Rxe7 Nxe7 35. Bc4 Qxe4 36. Bxe6 1-0

[Event "46th OKU-A 2019"]
[Site "Utrecht"]
[Date "2019.06.01"]
[Round "3.4"]
[White "Okkes, Menno"]
[Black "Meng, Roger"]
[Result "0-1"]
[ECO "D02"]
[WhiteElo "2320"]
[BlackElo "2443"]
[Annotator "ChessBase"]
[PlyCount "72"]
[EventDate "2019.05.31"]
[EventType "swiss"]
[EventCountry "NED"]
[SourceTitle "playchess.com"]
[Source "ChessBase"]
[SourceQuality "1"]
[TimeControl "6600+10"]

1. Nf3 d5 2. g3 g6 3. Bg2 Bg7 4. d4 Nd7 5. O-O Ngf6 6. c4 dxc4 7. Na3 Nb6 8. Nxc4 O-O 9. Nce5 c6 10. b3 a5 11. Bb2 a4 12. e3 Bf5 13. Qe2 Be4 14. Rfc1 Nfd5 15. Ba3 Qc7 16. b4 Bxe5 17. Nxe5 Bxg2 18. Kxg2 Qd6 19. Qd3 Nd7 20. Nc4 Qe6 21. Na5 Rab8 22. b5 cxb5 23. Qxb5 Qe4+ 24. Kg1 Nxe3 25. fxe3 Qxe3+ 26. Kf1 Qxa3 27. Qxd7 Qd3+ 28. Kg1 Qe3+ 29. Kh1 Rfd8 30. Qh3 Rxd4 31. Qg2 Qg5 32. Nxb7 Rd2 33. Qf3 Rb2 34. Nc5 Qd2 35. Kg1 Rxa2 36. Ne4 Qd4+ 0-1

[Event "46th OKU-A 2019"]
[Site "Utrecht"]
[Date "2019.06.01"]
[Round "3.5"]
[White "Burg, Twan"]
[Black "De Jong, Tom"]
[Result "1-0"]
[ECO "E63"]
[WhiteElo "2519"]
[BlackElo "2143"]
[Annotator "ChessBase"]
[PlyCount "65"]
[EventDate "2019.05.31"]
[EventType "swiss"]
[EventCountry "NED"]
[SourceTitle "playchess.com"]
[Source "ChessBase"]
[SourceQuality "1"]
[TimeControl "6600+10"]

1. d4 Nf6 2. c4 g6 3. g3 Bg7 4. Bg2 O-O 5. Nc3 d6 6. Nf3 Nc6 7. O-O a6 8. Bf4 h6 9. d5 Na5 10. Qd3 c5 11. dxc6 Nxc6 12. Rac1 Re8 13. e4 Bg4 14. h3 Bxf3 15. Qxf3 e5 16. Be3 Nd4 17. Qd1 b5 18. cxb5 axb5 19. a3 Rb8 20. Ne2 Nxe2+ 21. Qxe2 b4 22. a4 Qa5 23. b3 Rec8 24. Qd2 Rc3 25. Qxd6 Rd8 26. Qb6 Qxb6 27. Bxb6 Rdd3 28. a5 Rxb3 29. a6 Rdc3 30. a7 Ra3 31. Rxc3 bxc3 32. Rc1 Nd7 33. Be3 1-0

[Event "46th OKU-A 2019"]
[Site "Utrecht"]
[Date "2019.06.01"]
[Round "3.6"]
[White "Beerdsen, Thomas"]
[Black "Floor, Dirk"]
[Result "1/2-1/2"]
[ECO "C01"]
[WhiteElo "2488"]
[BlackElo "2184"]
[Annotator "ChessBase"]
[PlyCount "57"]
[EventDate "2019.05.31"]
[EventType "swiss"]
[EventCountry "NED"]
[SourceTitle "playchess.com"]
[Source "ChessBase"]
[SourceQuality "1"]
[TimeControl "6600+10"]

1. e4 e6 2. d4 d5 3. Bd3 dxe4 4. Bxe4 Nf6 5. Bf3 c5 6. Ne2 Be7 7. Be3 O-O 8. Nbc3 Qa5 9. O-O Nc6 10. Qe1 cxd4 11. Nxd4 Ne5 12. Qe2 Nxf3+ 13. Qxf3 Bb4 14. Nde2 Qf5 15. Qxf5 exf5 16. Nb5 b6 17. c3 Be7 18. a4 Nd5 19. Bd4 Bd7 20. Rfd1 a6 21. Nc7 Nxc7 22. Bxb6 Rfb8 23. Rxd7 Rxb6 24. Rxe7 Rxb2 25. Nf4 Ne8 26. Rae1 Kf8 27. Nd5 Rd8 28. Nb4 Nf6 29. Ra7 1/2-1/2